 Dungeon Crawl Stone Soup version 0.21.1-1-g345015f (webtiles) character file.

42 suicidejoker the Insei (level 3, -2/23 HPs)
             Began as an Octopode Transmuter on Mar 29, 2018.
             Slain by a worm (4 damage)
             ... on level 2 of the Dungeon.
             The game lasted 00:01:46 (1092 turns).

suicidejoker the Insei (Octopode Transmuter)        Turns: 1092, Time: 00:01:47

Health: -2/23      AC:  1    Str:  9    XL:     3   Next: 56%
Magic:  6/6        EV: 13    Int: 20    God:
Gold:   38         SH:  0    Dex: 13    Spells: 5/6 levels left

rFire    . . .     SeeInvis .   e - +0 dagger
rCold    . . .     Gourm    .   (no shield)
rNeg     . . .     Faith    .   (helmet restricted)
rPois    .         Spirit   .   (no amulet)
rElec    .         Reflect  .   (no ring)
rCorr    .         Harm     .   (no ring)
MR       .....                  (no ring)
Stlth    +++.......             (no ring)
HPRegen  0.07/turn              (no ring)
MPRegen  0.10/turn              (no ring)
                                (no ring)
                                (no ring)

@: brilliant
A: almost no armour, stealthy swim, amphibious, 8 rings, constrict 8, camouflage
1, gelatinous body 1
a: no special abilities


You were on level 2 of the Dungeon.
You were not hungry.

You visited 1 branch of the dungeon, and saw 2 of its levels.

You collected 38 gold pieces.

Inventory:

Hand Weapons
 e - a +0 dagger (weapon)
Missiles
 a - 35 arrows
 i - 16 stones (quivered)
Jewellery
 f - a cursed amulet of inaccuracy {unknown}
Scrolls
 d - 2 scrolls of identify {unknown}
 g - 2 scrolls of teleportation {unknown}
Books
 b - a book of Changes

   Spells                             Type                      Level
   a - Beastly Appendage              Transmutation                1
   b - Sticks to Snakes               Transmutation                2
   c - Spider Form                    Transmutation/Poison         3
   d - Ice Form                       Ice/Transmutation            4
   e - Blade Hands                    Transmutation                5
Comestibles
 c - 4 rations


   Skills:
 + Level 1.3 Fighting
 + Level 1.0 Throwing
 + Level 2.3 Dodging
 + Level 1.1 Stealth
 * Level 3.4 Unarmed Combat
 + Level 2.2 Spellcasting
 + Level 2.2 Transmutations


You had 5 spell levels left.
You knew the following spells:

 Your Spells              Type           Power        Failure   Level  Hunger
a - Beastly Appendage     Tmut           ###...       1%          1    #......


Dungeon Overview and Level Annotations

Branches:
Dungeon (2/15)

Altars:


Innate Abilities, Weirdness & Mutations

You cannot wear most types of armour.
You are very stealthy in the water. (Stealth+)
You are amphibious.
You can wear up to eight rings at the same time.
You can use your tentacles to constrict eight enemies at once.
Your skin changes colour to match your surroundings (Stealth+).
Your rubbery body absorbs attacks. (AC +1, EV +1)


Message History

Press: ? - help, Shift-Dir - straight line, f/p - worm
Aim: a worm You throw a stone.
The stone hits the worm but does no damage.
Throwing (i - inventory):
i - 17 stones (quivered)
Press: ? - help, Shift-Dir - straight line, f/p - worm
Aim: a worm You throw a stone.
The stone hits the worm.
The worm is lightly wounded.
You hit the worm. Your grab misses the worm.
The worm is lightly wounded.
The worm bites you!
* * * LOW HITPOINT WARNING * * *
It was a potion of brilliance.
You feel clever all of a sudden.
You hit the worm but do no damage. You grab the worm.
The worm is lightly wounded.
You constrict the worm, but do no damage.
The worm bites you.
You die...

. .. #. #. .
#.#### b.
#...<# #..
.....##@# ..
### #w##.#
#(...#
#..#(..#
#...(#.###
###.#h#(.###+
..$.....# #
#...(.((###.#
#..#.g((.....


You could see a worm.

Vanquished Creatures
  An adder (D:1)
  2 dart slugs (D:2)
  6 bats
  2 giant cockroaches (D:1)
  4 goblins
  3 hobgoblins (D:1)
  3 jackals (D:2)
  2 kobolds (D:1)
  3 rats (D:1)
26 creatures vanquished.

Notes
Turn   | Place    | Note
-------+----------+-------------------------------------------
     0 | D:1      | suicidejoker the Octopode Transmuter began the quest for the Orb.
     0 | D:1      | Reached XP level 1. HP: 13/13 MP: 3/3
   132 | D:1      | Reached XP level 2. HP: 18/18 MP: 5/5
   365 | D:1      | Reached skill level 1 in Stealth
   908 | D:1      | Reached XP level 3. HP: 23/23 MP: 6/6
  1040 | D:2      | Reached skill level 1 in Throwing
  1092 | D:2      | Slain by a worm

Skill      XL: |  1  2  3 |
---------------+----------+-----
Stealth        | 1 |  1.1
Throwing       | 1 |  1.0
Fighting       | |  1.3
Dodging        | |  2.3
Unarmed Combat | |  3.4
Spellcasting   | |  2.2
Transmutations | |  2.2

Action                   || total
-------------------------++-------
Melee: Unarmed           ||    14
       Constrict         ||    20
       Tentacles         ||    14
       Dagger            ||    61
Throw: Stone             ||    14
  Use: Potion            ||     2
 Stab: Sleeping          ||     4
  Eat: Chunk             ||     1
Armor: Skin              ||     6
Dodge: Dodged            ||    47
